General information
- name: BNet
- type: Ladder team game (AT/RT)
- host: Battle.net
- saver: EVILELVIS
map: Cherryville
- players: 8
- length: 53:02
- speed: Fast
- version: 1.28 W3XP
- replay type: Public
» download(412 KB)
Players
team 1 (winner)

»
caterpillar (
teal | 72 APM | 1392 actions | 19:27)
4 Keeper of the Grove
2 Force of Nature
2 Entangling Roots
» actions
| Build / train | 63 | |
| Enter build submenu | 23 | |
| Enter hero's abilities submenu | 5 | |
| Remove unit from queue | 5 | |
| Right click | 880 | |
| Select / deselect | 367 | |
| Use ability | 49 | |
1392 total
» units
| Wisp | 24 | |
| Archer | 6 | |
| Huntress | 4 | |
| Chimaera | 5 | |
39 total
» upgrades
| Strength of the Moon | 1 | |
| Strength of the Wild | 3 | |
| Reinforced Hides | 2 | |
| Corrosive Breath | 1 | |
7 total
» buildings
| Altar of Elders | 1 | |
| Moon Well | 6 | |
| Ancient of War | 1 | |
| Ancient of Wonders | 1 | |
| Hunter's Hall | 1 | |
| Tree of Ages | 4 | |
| Tree of Life | 1 | |
| Tree of Eternity | 1 | |
| Ancient of Wind | 1 | |
| Chimaera Roost | 2 | |
| Ancient Protector | 5 | |
24 total
» build order
00:09 Altar of Elders
00:18 Moon Well
01:02 Ancient of War
01:35 Moon Well
01:57 Ancient of Wonders
02:34 Moon Well
03:24 Hunter's Hall
03:55 Moon Well
04:32 Tree of Ages
04:32 Tree of Ages
05:42 Tree of Life
07:21 Tree of Eternity
07:26 Ancient of Wind
10:51 Chimaera Roost
10:53 Chimaera Roost
10:56 Ancient Protector
11:23 Ancient Protector
11:28 Ancient Protector
12:39 Ancient Protector
12:41 Ancient Protector
12:58 Moon Well
13:02 Moon Well
17:18 Tree of Ages
17:18 Tree of Ages
EVILELVIS (
green | 70 APM | 3705 actions | 53:02)
9 Archmage
3 Summon Water Elemental
3 Brilliance Aura
1 Mass Teleport
2 Blizzard
» actions
| Assign group hotkey | 109 | |
| Basic commands | 396 | |
| Build / train | 94 | |
| Enter build submenu | 76 | |
| Enter hero's abilities submenu | 9 | |
| Give item / drop item | 5 | |
| Remove unit from queue | 1 | |
| Right click | 1145 | |
| Select / deselect | 560 | |
| Select group hotkey | 1062 | |
| Use ability | 248 | |
3705 total
» units
| Peasant | 12 | |
| Footman | 4 | |
| Goblin Shredder | 2 | |
| Gryphon Rider | 10 | |
| Goblin Zeppelin | 1 | |
| Dragonhawk Rider | 3 | |
| Goblin Sapper | 4 | |
36 total
» upgrades
| Masonry | 3 | |
| Storm Hammers | 1 | |
| Swords | 3 | |
| Armor | 3 | |
| Animal War Training | 1 | |
| Cloud | 1 | |
| Gunpowder | 2 | |
| Plating | 2 | |
| Flak Cannons | 1 | |
| Flying Machine Bombs | 1 | |
18 total
» buildings
| Altar of Kings | 1 | |
| Barracks | 1 | |
| Farm | 12 | |
| Scout Tower | 53 | |
| Arcane Vault | 3 | |
| Keep | 1 | |
| Town Hall | 6 | |
| Lumber Mill | 1 | |
| Arcane Tower | 1 | |
| Guard Tower | 12 | |
| Castle | 1 | |
| Gryphon Aviary | 4 | |
| Blacksmith | 2 | |
| Workshop | 6 | |
104 total
» build order
00:35 Altar of Kings
00:37 Barracks
00:50 Farm
00:51 Farm
01:05 Farm
01:06 Farm
02:00 Scout Tower
02:02 Scout Tower
02:33 Arcane Vault
03:58 Keep
05:02 Town Hall
05:04 Scout Tower
05:05 Scout Tower
05:05 Scout Tower
05:05 Scout Tower
05:09 Lumber Mill
05:30 Arcane Tower
06:16 Guard Tower
06:51 Castle
08:06 Gryphon Aviary
08:08 Gryphon Aviary
08:09 Gryphon Aviary
08:12 Gryphon Aviary
08:29 Blacksmith
08:32 Blacksmith
08:35 Farm
11:07 Scout Tower
11:07 Scout Tower
11:08 Scout Tower
11:08 Scout Tower
11:16 Scout Tower
11:17 Scout Tower
13:21 Guard Tower
14:07 Guard Tower
15:24 Scout Tower
15:25 Scout Tower
15:25 Scout Tower
15:25 Scout Tower
15:26 Scout Tower
15:43 Scout Tower
15:43 Scout Tower
15:44 Scout Tower
15:44 Scout Tower
15:45 Scout Tower
15:58 Guard Tower
15:59 Guard Tower
16:35 Guard Tower
17:48 Scout Tower
17:50 Scout Tower
17:50 Scout Tower
17:51 Scout Tower
17:52 Scout Tower
17:56 Scout Tower
17:57 Scout Tower
17:58 Scout Tower
17:59 Scout Tower
17:59 Scout Tower
17:59 Scout Tower
18:00 Scout Tower
18:00 Scout Tower
18:01 Scout Tower
18:01 Scout Tower
18:02 Scout Tower
18:02 Scout Tower
19:04 Guard Tower
19:29 Farm
19:29 Farm
19:30 Farm
19:30 Farm
19:31 Farm
19:34 Farm
19:34 Farm
19:36 Guard Tower
21:05 Workshop
21:05 Workshop
21:07 Workshop
21:07 Workshop
21:26 Workshop
21:27 Workshop
23:16 Guard Tower
26:09 Town Hall
26:11 Scout Tower
26:11 Scout Tower
26:11 Scout Tower
26:12 Scout Tower
26:16 Arcane Vault
26:47 Town Hall
26:50 Scout Tower
26:51 Scout Tower
26:51 Scout Tower
26:52 Scout Tower
26:52 Scout Tower
26:53 Scout Tower
26:53 Scout Tower
26:56 Scout Tower
26:56 Scout Tower
26:57 Scout Tower
26:58 Arcane Vault
27:24 Guard Tower
27:26 Guard Tower
30:19 Guard Tower
34:17 Town Hall
34:22 Town Hall
48:47 Town Hall
» items
| Mechanical Critter | 2 | |
| Scroll of Regeneration | 4 | |
| Staff of Teleportation | 1 | |
| Periapt of Vitality | 1 | |
| Potion of Invisibility | 1 | |
| Scroll of Town Portal | 3 | |
| Staff of Sanctuary | 1 | |
| Tiny Great Hall | 1 | |
14 total

»
unsureacc (
pink | 44 APM | 2335 actions | 53:01)
5 Beastmaster
3 Summon Quilbeast
2 Summon Hawk
3 Firelord
2 Summon Lava Spawn
1 Incinerate
3 Tauren Chieftain
1 Endurance Aura
2 War Stomp
» actions
| Assign group hotkey | 129 | |
| Basic commands | 165 | |
| Build / train | 108 | |
| ESC pressed | 31 | |
| Enter build submenu | 68 | |
| Enter hero's abilities submenu | 10 | |
| Remove unit from queue | 1 | |
| Right click | 653 | |
| Select / deselect | 425 | |
| Select group hotkey | 443 | |
| Use ability | 302 | |
2335 total
» units
| Peon | 19 | |
| Troll Headhunter/Berserker | 7 | |
| Shaman | 4 | |
| Troll Witch Doctor | 2 | |
| Spirit Walker | 1 | |
33 total
» upgrades
| Troll Regeneration | 1 | |
| Spirit Walker Training | 2 | |
| Berserker Upgrade | 1 | |
| Witch Doctor Training | 2 | |
| Shaman Training | 3 | |
| Armor | 2 | |
| Ranged Weapons | 1 | |
| Reinforced Defenses | 1 | |
| Spiked Barricades | 2 | |
15 total
» buildings
| Orc Burrow | 7 | |
| Altar of Storms | 1 | |
| Barracks | 1 | |
| Voodoo Lounge | 1 | |
| Stronghold | 3 | |
| War Mill | 3 | |
| Fortress | 3 | |
| Spirit Lodge | 2 | |
| Great Hall | 3 | |
| Watch Tower | 40 | |
| Tree of Life | 1 | |
65 total
» build order
00:52 Orc Burrow
01:13 Altar of Storms
01:51 Barracks
02:02 Orc Burrow
03:11 Voodoo Lounge
03:42 Stronghold
03:47 Orc Burrow
03:55 Orc Burrow
04:01 War Mill
05:19 Orc Burrow
06:40 Fortress
06:43 Spirit Lodge
06:47 Spirit Lodge
07:28 Great Hall
07:39 Watch Tower
08:51 Watch Tower
09:00 Orc Burrow
09:57 Watch Tower
11:04 Watch Tower
14:29 War Mill
17:02 Watch Tower
17:03 Watch Tower
17:04 Watch Tower
17:38 Orc Burrow
18:22 Watch Tower
18:23 Watch Tower
18:29 Great Hall
18:31 Watch Tower
18:33 Watch Tower
18:55 War Mill
19:07 Watch Tower
19:12 Watch Tower
19:13 Watch Tower
19:14 Watch Tower
19:16 Watch Tower
19:17 Watch Tower
19:18 Watch Tower
20:04 Watch Tower
20:11 Watch Tower
20:12 Watch Tower
20:13 Watch Tower
20:13 Watch Tower
20:14 Watch Tower
20:15 Watch Tower
21:26 Watch Tower
21:27 Watch Tower
21:28 Watch Tower
23:31 Tree of Life
23:39 Watch Tower
23:40 Watch Tower
23:41 Watch Tower
23:43 Watch Tower
23:45 Watch Tower
24:27 Watch Tower
24:28 Watch Tower
24:30 Watch Tower
24:35 Watch Tower
24:38 Great Hall
25:08 Watch Tower
25:10 Watch Tower
» items
| Healing Salve | 1 | |
| Lesser Clarity Potion | 1 | |
| Scroll of Speed | 1 | |
| Scroll of Town Portal | 1 | |
| Orb of Lightning | 1 | |
5 total
DongKuroos (
red | 39 APM | 2075 actions | 53:01)
5 Death Knight
3 Death Coil
2 Death Pact
4 Pit Lord
2 Howl of Terror
2 Cleaving Attack
» actions
| Assign group hotkey | 30 | |
| Basic commands | 86 | |
| Build / train | 103 | |
| ESC pressed | 3 | |
| Enter build submenu | 38 | |
| Enter hero's abilities submenu | 9 | |
| Give item / drop item | 8 | |
| Right click | 677 | |
| Select / deselect | 470 | |
| Select group hotkey | 563 | |
| Use ability | 86 | |
2075 total
» units
| Acolyte | 18 | |
| Ghoul | 8 | |
| Crypt Fiend | 10 | |
| Obsidian Statue | 2 | |
| Goblin Sapper | 3 | |
| Banshee | 1 | |
| Abomination | 3 | |
45 total
» upgrades
| Burrow | 2 | |
| Web | 2 | |
| Ghoul Frenzy | 1 | |
| Creature Attack | 3 | |
| Banshee Training | 1 | |
| Disease Cloud | 1 | |
| Creature Carapace | 3 | |
| Unholy Strength | 2 | |
| Unholy Armor | 3 | |
18 total
» buildings
| Ziggurat | 13 | |
| Crypt | 2 | |
| Altar of Darkness | 1 | |
| Graveyard | 2 | |
| Tomb of Relics | 2 | |
| Halls of the Dead | 1 | |
| Necropolis | 3 | |
| Spirit Tower | 3 | |
| Nerubian Tower | 3 | |
| Sacrificial Pit | 1 | |
| Slaughterhouse | 1 | |
| Black Citadel | 4 | |
| Temple of the Damned | 1 | |
37 total
» build order
00:54 Ziggurat
01:00 Crypt
01:08 Altar of Darkness
01:17 Graveyard
01:26 Tomb of Relics
01:35 Ziggurat
02:21 Ziggurat
03:27 Ziggurat
05:27 Graveyard
06:16 Halls of the Dead
06:54 Necropolis
06:58 Ziggurat
07:01 Ziggurat
07:03 Ziggurat
07:10 Ziggurat
07:22 Tomb of Relics
07:39 Crypt
08:07 Spirit Tower
08:09 Nerubian Tower
10:38 Spirit Tower
13:28 Sacrificial Pit
13:43 Ziggurat
13:54 Slaughterhouse
14:16 Black Citadel
14:16 Black Citadel
14:17 Black Citadel
15:12 Nerubian Tower
15:37 Ziggurat
16:27 Necropolis
20:55 Temple of the Damned
22:54 Necropolis
24:12 Ziggurat
24:14 Ziggurat
25:07 Spirit Tower
25:09 Ziggurat
26:42 Nerubian Tower
» items
| Rod of Necromancy | 1 | |
| Sacrificial Skull | 2 | |
| Periapt of Vitality | 3 | |
| Potion of Lesser Invulnerability | 2 | |
| Potion of Healing | 1 | |
| Staff of Teleportation | 1 | |
| Scroll of Town Portal | 2 | |
| Orb of Corruption | 1 | |
13 total
team 2 (loser)
BATMAN-VS-JOKER (
purple | 58 APM | 3089 actions | 53:01)
8 Blademaster
3 Wind Walk
3 Critical Strike
1 Bladestorm
1 Mirror Image
» actions
| Assign group hotkey | 44 | |
| Basic commands | 84 | |
| Build / train | 100 | |
| Enter build submenu | 44 | |
| Enter hero's abilities submenu | 8 | |
| Give item / drop item | 3 | |
| Remove unit from queue | 1 | |
| Right click | 1286 | |
| Select / deselect | 327 | |
| Select group hotkey | 978 | |
| Use ability | 214 | |
3089 total
» units
| Peon | 22 | |
| Goblin Shredder | 3 | |
| Wind Rider | 3 | |
| Troll Batrider | 14 | |
| Goblin Sapper | 4 | |
| Raider | 9 | |
55 total
» upgrades
| Ranged Weapons | 2 | |
| Reinforced Defenses | 1 | |
| Armor | 3 | |
| Liquid Fire | 2 | |
| Ensnare | 1 | |
| Melee Weapons | 3 | |
| Pillage | 1 | |
| Spiked Barricades | 1 | |
14 total
» buildings
| Altar of Storms | 2 | |
| Orc Burrow | 7 | |
| War Mill | 2 | |
| Voodoo Lounge | 2 | |
| Watch Tower | 42 | |
| Stronghold | 1 | |
| Great Hall | 4 | |
| Fortress | 1 | |
| Beastiary | 6 | |
67 total
» build order
00:06 Altar of Storms
00:16 Orc Burrow
00:50 War Mill
01:22 Voodoo Lounge
02:04 Watch Tower
02:14 Watch Tower
02:40 Watch Tower
03:15 Stronghold
03:35 Orc Burrow
04:09 Great Hall
04:12 Great Hall
05:34 Watch Tower
05:34 Watch Tower
05:35 Watch Tower
05:50 Watch Tower
06:14 Fortress
06:28 Watch Tower
06:46 Watch Tower
06:47 Watch Tower
08:08 Watch Tower
08:31 Beastiary
08:32 Beastiary
09:14 Watch Tower
09:29 Beastiary
10:28 Watch Tower
10:29 Watch Tower
10:31 Watch Tower
10:36 Orc Burrow
11:03 Watch Tower
11:38 Watch Tower
11:47 Orc Burrow
12:11 Watch Tower
12:36 Orc Burrow
13:32 Watch Tower
13:55 Watch Tower
13:56 Watch Tower
23:45 Watch Tower
23:45 Watch Tower
23:46 Watch Tower
23:46 Watch Tower
24:53 Watch Tower
24:54 Watch Tower
25:09 Watch Tower
25:09 Watch Tower
25:10 Watch Tower
25:10 Watch Tower
28:22 Great Hall
28:24 Watch Tower
28:24 Watch Tower
28:25 Watch Tower
28:25 Watch Tower
28:41 Watch Tower
29:47 Watch Tower
29:47 Watch Tower
29:48 Watch Tower
31:09 Voodoo Lounge
32:54 Great Hall
32:57 War Mill
33:00 Orc Burrow
33:00 Orc Burrow
34:23 Watch Tower
34:23 Watch Tower
34:24 Watch Tower
42:46 Beastiary
42:47 Beastiary
42:48 Beastiary
45:48 Altar of Storms
» items
| Healing Salve | 4 | |
| Scroll of Town Portal | 4 | |
| Lesser Clarity Potion | 5 | |
| Staff of Teleportation | 1 | |
| Orb of Lightning | 1 | |
| Potion of Healing | 2 | |
| Potion of Mana | 2 | |
19 total
U_FOLLOW_iTK_15 (
orange | 100 APM | 1224 actions | 12:10)
4 Blood Mage
2 Flame Strike
2 Siphon Mana
1 Paladin
1 Holy Light
» actions
| Assign group hotkey | 22 | |
| Basic commands | 34 | |
| Build / train | 42 | |
| Enter build submenu | 29 | |
| Enter hero's abilities submenu | 5 | |
| Give item / drop item | 3 | |
| Right click | 436 | |
| Select / deselect | 158 | |
| Select group hotkey | 424 | |
| Use ability | 71 | |
1224 total
» units
| Peasant | 14 | |
| Footman | 6 | |
| Goblin Zeppelin | 1 | |
21 total
» upgrades
| Defend | 1 | |
| Lumber Harvesting | 1 | |
| Animal War Training | 1 | |
| Plating | 1 | |
| Swords | 1 | |
5 total
» buildings
| Farm | 10 | |
| Barracks | 2 | |
| Altar of Kings | 1 | |
| Scout Tower | 7 | |
| Arcane Tower | 2 | |
| Lumber Mill | 1 | |
| Arcane Vault | 2 | |
| Keep | 1 | |
| Town Hall | 1 | |
| Guard Tower | 2 | |
| Castle | 1 | |
| Gryphon Aviary | 2 | |
| Blacksmith | 2 | |
34 total
» build order
00:21 Farm
00:22 Barracks
00:50 Farm
01:06 Altar of Kings
01:39 Farm
02:09 Scout Tower
02:35 Arcane Tower
02:36 Arcane Tower
03:01 Lumber Mill
03:13 Arcane Vault
03:38 Farm
04:08 Keep
06:01 Town Hall
06:39 Scout Tower
06:40 Scout Tower
06:45 Farm
07:45 Guard Tower
07:46 Scout Tower
07:47 Scout Tower
07:50 Arcane Vault
07:52 Scout Tower
07:55 Farm
08:04 Castle
08:12 Gryphon Aviary
08:35 Guard Tower
09:45 Gryphon Aviary
09:49 Barracks
09:56 Blacksmith
10:17 Farm
11:17 Farm
11:19 Farm
11:21 Farm
11:27 Blacksmith
11:31 Scout Tower
» items
Ari (
blue | 75 APM | 1933 actions | 25:38)
4 Goblin Tinker
2 Pocket Factory
2 Engineering Upgrade
2 Mountain King
1 Storm Bolt
1 Bash
» actions
| Assign group hotkey | 33 | |
| Basic commands | 2 | |
| Build / train | 79 | |
| ESC pressed | 1 | |
| Enter build submenu | 45 | |
| Enter hero's abilities submenu | 7 | |
| Remove unit from queue | 1 | |
| Right click | 816 | |
| Select / deselect | 448 | |
| Select group hotkey | 372 | |
| Use ability | 129 | |
1933 total
» units
| Peasant | 11 | |
| Footman | 6 | |
| Goblin Shredder | 1 | |
| Goblin Zeppelin | 1 | |
| Dragonhawk Rider | 13 | |
| Flying Machine | 7 | |
| Gryphon Rider | 2 | |
41 total
» upgrades
| Defend | 1 | |
| Lumber Harvesting | 1 | |
| Armor | 3 | |
| Swords | 3 | |
| Animal War Training | 1 | |
| Cloud | 1 | |
| Storm Hammers | 1 | |
| Flak Cannons | 1 | |
12 total
» buildings
| Barracks | 2 | |
| Altar of Kings | 1 | |
| Farm | 14 | |
| Arcane Vault | 1 | |
| Scout Tower | 9 | |
| Arcane Tower | 1 | |
| Keep | 1 | |
| Blacksmith | 1 | |
| Lumber Mill | 1 | |
| Town Hall | 2 | |
| Guard Tower | 1 | |
| Castle | 2 | |
| Gryphon Aviary | 5 | |
| Workshop | 1 | |
42 total
» build order
00:08 Barracks
00:12 Altar of Kings
00:16 Farm
00:22 Barracks
00:57 Farm
01:56 Arcane Vault
02:01 Scout Tower
02:32 Farm
02:34 Arcane Tower
03:29 Scout Tower
03:46 Keep
04:42 Blacksmith
04:50 Lumber Mill
05:21 Farm
06:47 Town Hall
06:52 Scout Tower
07:21 Scout Tower
07:24 Farm
08:56 Guard Tower
08:58 Farm
09:01 Castle
10:03 Castle
11:00 Gryphon Aviary
11:01 Gryphon Aviary
11:03 Scout Tower
11:07 Scout Tower
11:19 Gryphon Aviary
11:38 Scout Tower
12:41 Farm
12:42 Farm
12:48 Farm
13:22 Workshop
13:27 Gryphon Aviary
13:29 Gryphon Aviary
14:07 Scout Tower
14:09 Scout Tower
14:13 Farm
14:29 Farm
14:30 Farm
14:31 Farm
14:45 Farm
20:51 Town Hall
» items
| Scroll of Regeneration | 3 | |
| Lesser Clarity Potion | 1 | |
| Mechanical Critter | 3 | |
| Scroll of Town Portal | 2 | |
| Potion of Healing | 1 | |
10 total

»
Daretti (
yellow | 48 APM | 1279 actions | 26:32)
5 Blademaster
3 Wind Walk
2 Critical Strike
» actions
| Build / train | 51 | |
| Enter build submenu | 24 | |
| Enter hero's abilities submenu | 5 | |
| Give item / drop item | 1 | |
| Remove unit from queue | 1 | |
| Right click | 952 | |
| Select / deselect | 199 | |
| Use ability | 46 | |
1279 total
» units
| Peon | 9 | |
| Grunt | 11 | |
| Wind Rider | 10 | |
| Troll Batrider | 7 | |
37 total
» upgrades
» buildings
| Orc Burrow | 6 | |
| Altar of Storms | 1 | |
| War Mill | 1 | |
| Voodoo Lounge | 1 | |
| Barracks | 1 | |
| Watch Tower | 8 | |
| Stronghold | 1 | |
| Fortress | 1 | |
| Beastiary | 3 | |
| Great Hall | 1 | |
24 total
» build order
00:23 Orc Burrow
00:38 Altar of Storms
01:23 War Mill
01:37 Orc Burrow
01:49 Voodoo Lounge
01:58 Orc Burrow
02:23 Barracks
03:13 Watch Tower
03:36 Watch Tower
04:38 Watch Tower
04:42 Stronghold
06:11 Orc Burrow
07:11 Orc Burrow
07:12 Fortress
07:54 Beastiary
08:35 Orc Burrow
10:43 Beastiary
12:19 Watch Tower
13:40 Watch Tower
14:09 Watch Tower
14:58 Watch Tower
15:17 Watch Tower
19:14 Beastiary
21:10 Great Hall
» items
| Healing Salve | 1 | |
| Lesser Clarity Potion | 1 | |
| Orb of Lightning | 1 | |
| Scroll of Town Portal | 1 | |
| Potion of Healing | 1 | |
5 total
Chat log
(00:13 / All) caterpillar: daretti that game u left earlier
(00:15 / All) caterpillar: We won
(00:28 / All) Daretti: congrats nigger
(00:31 / Allies) unsureacc: im ehgre
(00:32 / Allies) unsureacc: im here
(00:44 / Allies) caterpillar: kotg archers+hunts to chims
(00:45 / Allies) caterpillar: cc
(00:47 / Allies) caterpillar: fast expos
(00:52 / All) Ari: GREAT WE HAVE A NERD LEAVER ON OUR TEAM AND A DETERMINED WINNER ON THE OTHER SMH 2/10
(03:30 / Allies) caterpillar: lets roll red
(04:07 / Allies) DongKuroos: teać
£ take here
(04:13 / Allies) caterpillar: k
(04:14 / Allies) caterpillar: i will
(06:07 / Allies) caterpillar: get last expo then hit
(06:11 / All) BATMAN-VS-JOKER: who would u fuck, else or anna
(06:12 / Allies) unsureacc: ty
(06:17 / All) Ari: else for sure
(06:20 / All) caterpillar: ?
(06:24 / All) caterpillar: Whoa re those people
(06:28 / All) Daretti: who?
(07:35 / Allies) caterpillar: lets harass expos
(07:55 / Allies) unsureacc: woo
(07:56 / Allies) unsureacc: wood
(08:20 / Allies) caterpillar: out
(08:20 / Allies) caterpillar: out
(08:27 / Allies) caterpillar: purp str8 tech
(08:29 / Allies) caterpillar: no units
(09:32 / 4) EVILELVIS: whispers stop sending
(09:46 / 5) BATMAN-VS-JOKER: gay
(09:48 / 4) EVILELVIS: they stopped sending for me
(10:39 / Allies) unsureacc: u ok red?
(11:35 / Allies) unsureacc: lets hit a mian and force orange to tp
(11:38 / Allies) unsureacc: red heal ur towers
(11:42 / Allies) caterpillar: i got red
(12:09 / Allies) unsureacc: i could use some wood
(12:19 / Allies) unsureacc: back green a little
(12:23 / All) caterpillar: Orange is a pussy
(12:25 / All) caterpillar: He abcks out prematurely
(12:27 / Allies) unsureacc: fight outside the base
(12:31 / Allies) unsureacc: u too red
(12:33 / Allies) unsureacc: dotn go inside
(12:34 / All) caterpillar: he did that shit a few games ago
(12:51 / Allies) unsureacc: anyone god wood?
(13:04 / 4) EVILELVIS: pink top river
(13:06 / 4) EVILELVIS: red mid right
(13:12 / 4) EVILELVIS: teal bot
(13:18 / 5) BATMAN-VS-JOKER: towers
(13:23 / 5) BATMAN-VS-JOKER: they have lots of towers
(13:52 / All) unsureacc: kill the main and move on
(14:21 / Allies) unsureacc: all
(14:37 / 4) EVILELVIS: my team has all expos this side
(15:07 / Allies) unsureacc: someone getr anti air
(15:11 / Allies) unsureacc: we are most liekly going to need it
(15:12 / Allies) caterpillar: i got chims
(15:28 / Allies) unsureacc: 2 people tp here
(15:36 / 4) EVILELVIS: make sure you hit mid right not corner
(15:40 / Allies) caterpillar: ill hit yellow
(16:01 / Allies) unsureacc: ty red
(16:47 / Allies) unsureacc: guys..
(16:49 / Allies) unsureacc: we can't loose this
(17:20 / Allies) unsureacc: who is getting pure anti air?
(18:10 / Allies) unsureacc: sigh...
(18:14 / Allies) unsureacc: are u guys paying attention?
(18:27 / Allies) caterpillar: they are wind riders and bats
(18:30 / Allies) caterpillar: we should be fucking up their bases
(18:32 / Allies) caterpillar: not running in circles
(19:13 / 4) EVILELVIS: gonna go for level 6
(19:14 / Allies) caterpillar: fuck me
(19:14 / Allies) caterpillar: lol
(19:16 / Allies) caterpillar: gg
(19:30 / Allies) unsureacc: stay..
(19:50 / Allies) unsureacc: wea re fine
(19:53 / Allies) unsureacc: get mass hippoos with him
(20:02 / Allies) unsureacc: ill control hsi hero
(20:34 / Allies) unsureacc: make sure they got no expoensions
(20:36 / Allies) unsureacc: im comming
(20:37 / Allies) unsureacc: wait for me
(20:39 / Allies) unsureacc: i got healing wards and
(20:41 / Allies) unsureacc: stuff
(20:55 / Allies) unsureacc: red can u get gargoyls?
(21:44 / Allies) unsureacc: this is the easist base to kill
(21:51 / Allies) unsureacc: fuck
(21:52 / Allies) unsureacc: teals hero
(22:56 / All) EVILELVIS: was gonna mass gyro with my dhawk
(23:00 / All) EVILELVIS: but blue is total garbage
(23:05 / All) EVILELVIS: no need
(23:13 / Allies) unsureacc: yea good thing blue doesnt have towers
(23:18 / All) Ari: yep 1v2 totally and with a half the army of either of you
(23:23 / All) Ari: totally my fault i lost there
(23:55 / 4) EVILELVIS: red bottom ur side
(24:24 / All) Ari: congrats on the 6,700 gold and 32 food purple
(24:34 / All) Ari: you're a real stand-up team player
(24:48 / 4) EVILELVIS: pink bottom ur side
(24:50 / Allies) unsureacc: u gtot cloud tgreen?
(24:52 / 4) EVILELVIS: Ill take that one
(25:29 / All) Ari: aight im out
(25:36 / All) Ari: ggwp @other team >_>
(25:38 / Allies) unsureacc: sigh
(25:56 / Allies) unsureacc: come bring cloud here
(26:30 / 4) EVILELVIS: k
(27:01 / Allies) unsureacc: do u have cloud research?
(27:18 / 4) EVILELVIS: yes
(27:20 / Allies) EVILELVIS: yes
(27:26 / Allies) unsureacc: come use it here
(28:18 / Allies) unsureacc: use cloud on towers?
(28:42 / All) DongKuroos: greenis teamkiller
(28:45 / All) BATMAN-VS-JOKER: leave
(28:46 / All) BATMAN-VS-JOKER: nub
(28:48 / All) BATMAN-VS-JOKER: nigger
(28:56 / All) BATMAN-VS-JOKER: nobody cares if u got a tker
(29:03 / Allies) unsureacc: please dont
(29:05 / Allies) unsureacc: he will win..
(29:14 / All) BATMAN-VS-JOKER: still trying to expo 30 min into game
(29:16 / All) BATMAN-VS-JOKER: try hard noob ud
(29:55 / All) DongKuroos: green is killing me
(29:59 / All) BATMAN-VS-JOKER: leave
(30:00 / All) BATMAN-VS-JOKER: noob
(30:41 / All) DongKuroos: we lost
(30:42 / 4) EVILELVIS: take top river our side
(30:53 / All) BATMAN-VS-JOKER: red leave u dumb nigger
(31:40 / All) DongKuroos: purple you just 1on 1 with green
(31:47 / All) DongKuroos: green is left
(31:48 / All) BATMAN-VS-JOKER: shut
(31:49 / All) BATMAN-VS-JOKER: the
(31:50 / All) BATMAN-VS-JOKER: fuck
(31:50 / All) BATMAN-VS-JOKER: up
(33:30 / Allies) unsureacc: tp to the crypt fiend
(33:30 / All) DongKuroos: pink what do you think of this?
(33:32 / Allies) unsureacc: and kil lhim
(33:39 / Allies) unsureacc: its ok, i've seen it before
(34:15 / Allies) unsureacc: he is a map hacker
(34:17 / Allies) unsureacc: purple is
(34:24 / Allies) unsureacc: just go afk red
(34:28 / Allies) unsureacc: come back in 10 minute
(34:34 / Allies) unsureacc: green will do our dirty work for us
(34:39 / Allies) DongKuroos: i broke up
(34:41 / Allies) unsureacc: like our servent
(34:49 / All) EVILELVIS: pink has some strange ideas
(34:49 / Allies) DongKuroos: green is bad
(35:09 / All) EVILELVIS: I think he's playing from an insane asylum, red and him have a lan set up
(35:25 / Allies) unsureacc: be right back, gonna watch teh last episode of Boko no Hero academia
(35:36 / Allies) unsureacc: make sure u kill him green
(35:39 / All) EVILELVIS: pink is watching some chink cartoon
(36:12 / All) DongKuroos: n
(36:24 / All) EVILELVIS: gonna kill pink base
(36:26 / All) BATMAN-VS-JOKER: please leave noobs
(36:29 / All) BATMAN-VS-JOKER: me pro
(36:30 / All) BATMAN-VS-JOKER: red noob
(36:32 / All) BATMAN-VS-JOKER: pink noob
(36:35 / All) BATMAN-VS-JOKER: purple = por
(36:38 / Allies) DongKuroos: now i understand why teal left
(36:45 / Allies) DongKuroos: because of green
(36:55 / Allies) DongKuroos: he had known him
(37:08 / Allies) EVILELVIS: teal gave me his resources, he was a good ally. That's more than I can say for you lot
(37:33 / Allies) EVILELVIS: Too late for that now, I'm afraid
(37:39 / Allies) EVILELVIS: You made your bed, now lie in it
(37:45 / Allies) DongKuroos: purple and green is both bad
(37:55 / 4) EVILELVIS: then how come I have units and yo udon't?
(38:02 / Allies) EVILELVIS: then how come I have units and you don't?
(38:10 / Allies) unsureacc: red
(38:12 / Allies) unsureacc: just go afk
(38:14 / Allies) unsureacc: seriously
(38:34 / Allies) unsureacc: come back in 10 minute
(38:38 / Allies) DongKuroos: we always have bad person who is the one of four
(38:49 / Allies) DongKuroos: 25%
(39:31 / All) unsureacc: look at green, spending his saturday night team killing his allies lol
(39:45 / All) EVILELVIS: Are you suggesting there's a better way to spend one's time?
(40:22 / Allies) DongKuroos: i bet geen's fase is ugly as much as his own mind
(40:28 / Allies) DongKuroos: purple is too
(40:38 / Allies) EVILELVIS: Now now, when you have group therapy sessions at the nut house
(40:48 / Allies) EVILELVIS: I rather doubt they tell you to insult OTHERS to make yourself feel better
(41:28 / 4) EVILELVIS: oh
(41:32 / 4) EVILELVIS: I thought yellow was still ehre
(41:55 / Allies) EVILELVIS: Bad news fellas, it seems yellow tucked tail and ran out on teh check
(42:06 / Allies) EVILELVIS: that means ya'll gotta cover this tab with a loss on your recs
(42:10 / All) BATMAN-VS-JOKER: i have no idea how i have 18k gold
(42:15 / All) BATMAN-VS-JOKER: didnt seem like i haorded at all
(42:26 / All) EVILELVIS: I only have 17k but I've been past 50 food for a long time
(42:51 / All) EVILELVIS: when did yellow leave?
(42:59 / All) BATMAN-VS-JOKER: not sure
(43:03 / All) BATMAN-VS-JOKER: team never talked cept blue
(43:25 / All) EVILELVIS: I was preparing for standoff then I see your team has all vanished
(44:55 / Allies) DongKuroos: see pink
(45:03 / Allies) DongKuroos: green and purple
(45:10 / Allies) DongKuroos: they are strange
(45:29 / Allies) EVILELVIS: Nothing strange about it, boy. He's obviously my court jester
(45:58 / Allies) DongKuroos: now i got it you are spy, don't you?
(47:28 / Allies) DongKuroos: are you fun to kill your team and yourself?
(47:57 / Allies) EVILELVIS: What sort of mental illness do you suffer from that impairs your language skills so?
(50:30 / 4) EVILELVIS: killed his fiend at your expo
(51:02 / All) EVILELVIS: anything left to say, red or pink?
(52:40 / All) EVILELVIS: Guess not